 Dungeon Crawl Stone Soup version 0.31-a0-977-gc230f8ef24 (webtiles) character file.

Game seed: 6990084163388580090

5088 Dirtsage the Martial Artist (level 10, 0/68 (69) HPs)
             Began as an Octopode Shapeshifter on Oct 29, 2023.
             Was a Believer of Wu Jian.
             Slain by a wight
             ... wielding a +0 scimitar of draining
              (5 damage)
             ... on level 9 of the Dungeon.
             The game lasted 00:17:33 (8404 turns).

Dirtsage the Martial Artist (Octopode Shapeshifter) Turns: 8404, Time: 00:17:34

HP:   0/68 (69)     AC:  1    Str: 14    XL:     10   Next: 57%
MP:   10/10         EV: 14    Int: 12    God:    Wu Jian [**....]
Gold: 555           SH:  0    Dex: 22    Spells: 9/9 levels left

rFire   . .          .
                       - Unarmed
rCold   . . .        (no shield)
rNeg    + + .        (helmet currently unavailable)
rPois   .            (no amulet)
rElec   .            N - ring of positive energy
rCorr   .            k - ring of flight
SInv    .            a - +6 ring of dexterity
Will    .....        v - ring of positive energy
Stlth   +++          (no ring)
HPRegen 0.31/turn    (no ring)
MPRegen 0.12/turn    (no ring)
                     (no ring)

%: no passive effects
@: beast-form, flying, lightly drained
A: beast (slay +4), almost no armour, amphibious, 8 rings, camouflage 1,
gelatinous body 1, (nimble swimmer 1), tentacles
a: Begin Untransformation, Renounce Religion, Wall Jump


You were on level 9 of the Dungeon.
You worshipped Wu Jian.
Wu Jian was pleased with you.
You were a hulking beast.
You visited 2 branches of the dungeon, and saw 10 of its levels.

You collected 555 gold pieces.

Inventory:

Missiles
 x - 2 curare-tipped darts
Magical Staves
 r - a staff of death
 s - a staff of earth
Jewellery
 a - a +6 ring of dexterity (on tentacle)
 k - a ring of flight (right tentacle)
 v - a ring of positive energy (on tentacle)
 N - a ring of positive energy (left tentacle)
Talismans
 b - a beast talisman
 c - a flux talisman
Wands
 n - a wand of iceblast (6)
 o - a wand of charming (4)
 y - a wand of mindburst (9)
 A - a wand of polymorph (8)
 B - a wand of flame (25)
Scrolls
 i - a scroll of identify
 j - a scroll of noise
 l - a scroll of immolation
 w - 2 scrolls of butterflies {unknown}
 C - a scroll of enchant armour {unknown}
Potions
 d - 3 potions of might
 e - a potion of haste {unknown}
 f - 3 potions of attraction {unknown}
 h - 2 potions of heal wounds {unknown}
 m - a potion of brilliance {unknown}
 q - 5 potions of curing
 z - a potion of degeneration {unknown}
 D - 2 potions of mutation {unknown}
 E - a potion of magic {unknown}
Miscellaneous
 u - a box of beasts


   Skills:
 + Level 6.6 Fighting
 - Level 2.0 Dodging
 * Level 9.9 Unarmed Combat
 + Level 4.2 Evocations
 * Level 9.2 Shapeshifting


You had 9 spell levels left.
You didn't know any spells.
Your spell library contained the following spells:

 Spells                   Type           Power      Damage    Failure   Level
 Apportation              Tloc           0%         N/A       32%         1
 Foxfire                  Conj/Fire      0%         2x1d4     32%         1
 Jinxbite                 Hex            0%         N/A       45%         2
 Summon Guardian Golem    Hex/Summ       0%         N/A       69%         3
 Volatile Blastmotes      Fire/Tloc      0%         2d10      69%         3
 Fulminant Prism          Conj/Hex       0%         3d5       97%         4
 Iskenderun's Mystic Bla  Conj/Tloc      0%         2d3       97%         4
 Alistair's Intoxication  Tmut/Pois      0%         N/A       100%        5
 Plasma Beam              Fire/Air       0%         2x1d10    100%        6
 Starburst                Conj/Fire      0%         6d3       100%        6
 Orb of Destruction       Conj           0%         9d5       100%        7
 Spellforged Servitor     Conj/Summ      0%         N/A       100%        7


Dungeon Overview and Level Annotations

Branches:
Dungeon (9/15)             Temple (1/1) D:7
   Lair: D:8-11         Orc: D:9-12

Altars:
Ashenzari
Cheibriados
Dithmenos
Elyvilon
Fedhas
Gozag
Hepliaklqana
Kikubaaqudgha
Makhleb
Nemelex Xobeh
Okawaru
Qazlal
Ru
Sif Muna
Trog
Uskayaw
Vehumet
Wu Jian
Xom
Yredelemnul
Zin
The Shining One

Shops:
D:1 =!(?(   D:6 =

Portals:
Abyss: D:7

Annotations:
D:5 4 runed translucent doors
D:7 2 transporters, Pi314's ghost, novice DrCj
D:8 3 runed translucent doors, Dirtsage's ghost, novice OpSh; Flugkiller's ghost, novice DEFE


Innate Abilities, Weirdness & Mutations

You are a hulking beast.
Your limbs bulge with bestial killing power. (Slay +4)
You cannot wear most types of armour.
You are amphibious.
You can wear up to eight rings at the same time.
Your skin changes colour to match your surroundings (Stealth+).
Your rubbery body absorbs attacks. (AC +1, EV +1)
((You are camouflaged when in or above water. (Stealth+)))
You have tentacles for arms and can constrict up to eight enemies at once.


Message History

The Council accepts your kill.
You barely miss the yak. You squeeze the yak!
The yak is moderately wounded.
The yak closely misses you.
You tentacle-slap the yak.
The yak is moderately wounded.
The yak gores you!
* * * LOW HITPOINT WARNING * * *
You take 10 damage, and have 17/69 hp.
You bludgeon the yak! You tentacle-slap the yak! Your squeeze misses the yak.
The yak is almost dead.
Your surroundings suddenly seem different. 5 wights, a two-headed ogre and a troll come into view.
A wight is wielding a +0 scimitar of draining.
A wight is wielding a +0 falchion of freezing.
The troll shouts!
What are your orders? t - Shout!
Orders for allies: a - Attack new target. r - Retreat! s - Stop attacking. g - Guard the area. f - Follow me.
Anything else - Cancel.
Okay, then.
As you read the scroll of fear, it crumbles to dust.
You assume a fearsome visage.
The wight is unaffected. x5
The two-headed ogre looks frightened!
The troll looks frightened!
Okay, then.
As you read the scroll of fog, it dissolves into smoke.
The two-headed ogre looks desperately for an escape route.
The wight attacks as it pursues you!
The wight hits you with a +0 scimitar of draining.
* * * LOW HITPOINT WARNING * * *
You partially resist. The wight attacks as it pursues you!
The wight hits you with a +5 mace!
* * * LOW HITPOINT WARNING * * *
You partially resist.
You feel drained.
* * * LOW HITPOINT WARNING * * *
You take 14 damage, and have 4/68 hp.
MASSIVE DAMAGE!!
The wight attacks as it pursues you!
The wight hits you with a +0 scimitar of draining.
You die...

).....##.# ......# #
########## #######
#........# #.. ...
+........+ #.# ..#
#.§§§.T/.# #.#
#>...###§§§§)...#
##.####.......§§§z§....#
#.............zz########
#..............h#
##...............#
..................
#.#'####...........
#.#.#### ...O.......
#.#....# ............
#.#.#.## ...$.........
#.###.# ######........
....#.#


You could see a two-headed ogre (fleeing) and 2 wights.

Vanquished Creatures
  Pikel (D:4)
  2 hornets (D:8)
  Sigmund (D:2)
  A wyvern (D:5)
  2 steam dragons (D:7)
  3 yaks (D:9)
  An acid dragon (D:5)
  5 orc warriors (D:8)
  An ice beast (D:5)
  3 sky beasts
  A black bear (D:5)
  2 ogres
  A phantom (D:7)
  3 centaurs
  2 kobold brigands (D:7)
  4 scorpions
  9 killer bees (D:8)
  A howler monkey (D:5)
  A hound (D:7)
  4 orc priests
  2 sleepcaps
  2 jellies (D:5)
  A gnoll bouda (D:5)
  Ijyb (D:2)
  4 orc wizards
  6 iguanas
  4 gnolls (D:5)
  8 adders
  2 shadow imps
  A white imp (D:7)
  4 ufetubi
  2 worms
  A dart slug (D:3)
  34 orcs
  3 endoplasms
  A giant cockroach (D:1)
  12 goblins
  A hobgoblin (D:3)
  12 jackals
  15 kobolds
  11 ball pythons
  5 bats
  3 frilled lizards
  7 rats
  2 rat zombies (D:3)
192 creatures vanquished.

Notes
Turn   | Place    | Note
-------+----------+-------------------------------------------
     0 | D:1      | Dirtsage the Octopode Shapeshifter began the quest for the
                  | Orb.
     0 | D:1      | Reached XP level 1. HP: 13/13 MP: 1/1
   169 | D:1      | Found Inim's Jewellery Shoppe.
   177 | D:1      | Found Buppirod's Distillery.
   315 | D:1      | Reached XP level 2. HP: 18/18 MP: 2/2
   333 | D:1      | Found Gitige's Magic Scroll Shoppe.
   343 | D:1      | Found Nucen's Weapon Shop.
   411 | D:1      | Found Sucot's Weapon Boutique.
   671 | D:2      | Reached XP level 3. HP: 23/23 MP: 3/3
   818 | D:2      | Noticed Ijyb
   838 | D:2      | Killed Ijyb
   839 | D:2      | Reached XP level 4. HP: 11/29 MP: 4/4
  1107 | D:2      | Noticed Sigmund
  1122 | D:2      | Killed Sigmund
  1123 | D:2      | Reached XP level 5. HP: 21/35 MP: 5/5
  1123 | D:2      | Reached XP level 6. HP: 25/41 MP: 6/6
  1516 | D:3      | Found a basalt altar of Yredelemnul.
  1704 | D:3      | Found a white marble altar of Elyvilon.
  1837 | D:3      | Found a sacrificial altar of Ru.
  2035 | D:3      | Found an ancient bone altar of Kikubaaqudgha.
  2511 | D:4      | Found a glowing golden altar of the Shining One.
  2512 | D:4      | Found a blossoming altar of Fedhas.
  2513 | D:4      | Found an opulent altar of Gozag.
  2565 | D:4      | Reached skill level 5 in Unarmed Combat
  2689 | D:4      | Noticed Pikel
  2712 | D:4      | Killed Pikel
  2713 | D:4      | Reached skill level 5 in Shapeshifting
  2713 | D:4      | Reached XP level 7. HP: 40/48 MP: 7/7
  2713 | D:4      | Reached XP level 8. HP: 45/54 MP: 8/8
  2830 | D:4      | Found an ornate altar of the Wu Jian Council.
  2834 | D:4      | Became a worshipper of the Wu Jian Council
  2903 | D:5      | Entered Level 5 of the Dungeon
  2906 | D:5      | Found a large runed translucent door.
  2907 | D:5      | Found a large runed translucent door.
  2908 | D:5      | Found a large runed translucent door.
  2908 | D:5      | Found a large runed translucent door.
  3224 | D:5      | Identified the +1 rapier of Hitio {heavy, rC+ rN+}
  3713 | D:5      | Noticed a wyvern
  3723 | D:5      | Killed a wyvern
  4166 | D:5      | Reached skill level 5 in Fighting
  4166 | D:5      | Reached XP level 9. HP: 50/61 MP: 9/9
  4446 | D:6      | Found a bloodstained altar of Trog.
  4565 | D:6      | Reached * piety under Wu Jian
  4593 | D:6      | Reached skill level 1 in Evocations
  5040 | D:6      | Found Urri's Jewellery Emporium.
  5210 | D:7      | Found a transporter.
  5405 | D:7      | Noticed a rust devil
  5414 | D:7      | Found a one-way gate to the infinite horrors of the Abyss.
  5414 | D:7      | Noticed Pi314's ghost (novice DrCj)
  5416 | D:7      | Noticed a red ugly thing
  5509 | D:7      | Found a staircase to the Ecumenical Temple.
  5646 | Temple   | Entered the Ecumenical Temple
  5811 | D:7      | Found a transporter.
  6336 | D:8      | Reached ** piety under Wu Jian
  6337 | D:8      | Reached XP level 10. HP: 42/68 MP: 10/10
  6348 | D:7      | HP: 3/68 [poisoned by a killer bee]
  6351 | D:7      | HP: 1/68 [poisoned by a killer bee]
  6818 | D:8      | Found a runed translucent gate.
  6818 | D:8      | Found a runed translucent gate.
  6818 | D:8      | Found a runed translucent gate.
  6819 | D:8      | Noticed Flugkiller's ghost (novice DEFE)
  6820 | D:8      | Noticed Dirtsage's ghost (novice OpSh)
  8400 | D:9      | Noticed a two-headed ogre
  8404 | D:9      | Slain by a wight

Illustrated notes

Levels and vault maps discovered:
D:1:      amcnicky_arrival_feature_with_door, layout_loops_cross, serial_shops,
          shop, nicolae_shop_tiny_statue_garden, shop,
          nicolae_shop_bloodbath_and_beyond, shop_scrolls, st_stairs_10
D:2:      kennysheep_the_goblin_king, layout_loops_ring, glass_columns_a,
          uniq_sigmund
D:3:      layout_rooms, lemuel_zombie_altar_kikubaaqudgha,
          nicolae_ru_sacrificial_ziggurat, lemuel_round_altar, elyvilon_altar_1,
          serial_curves, eino_curves_03, eino_curves_01, eino_curves_02
D:4:      layout_rooms, mainiacjoe_overflow_brackets,
          chequers_temple_overflow_statue_of_worship, uniq_pikel
D:5:      layout_basic, minmay_hollow_rounded_squares
D:6:      layout_basic, mainiacjoe_overflow_boulevard, kennysheep_small_square
D:7:      layout_loops_ring, minmay_temple_entry_glassed_door,
          gammafunk_ghost_abyssal_escape, hangedman_decor_opposing
D:8:      layout_basic, gammafunk_ghost_cemetery, serial_corexii_hall,
          chequers_hall_statues_wall_a, corexii_hall_statues_u, special_room
          [special_room_orc]
D:9:      layout_basic, lair_entry_dummy, serial_shops, shop
Temple:   nicolae_temple_god_jail

Skill      XL: |  1  2  3  4  5  6  7  8  9 10 |
---------------+-------------------------------+-----
Fighting       | 2 4 5 6 |  6.6
Unarmed Combat | 4 6 7 9 |  9.9
Shapeshifting  | 4 5 7 8 9 |  9.2
Evocations     | 3 4 |  4.2
Dodging        | |  2.0

Action                     |  1- 3 |  4- 6 |  7- 9 | 10-12 || total
---------------------------+-------+-------+-------+-------++-------
  Melee: Unarmed           |    35 |   110 |   170 |    99 ||   414
         Constrict         |     8 |    24 |    29 |    25 ||    86
         Tentacles         |     7 |    16 |    39 |    26 ||    88
         Punch             |     1 |     4 |    15 |     7 ||    27
  Throw: Dart              |       |       |       |     1 ||     1
Ability: Lunge             |       |       |    17 |    15 ||    32
         Whirlwind         |       |       |     9 |     5 ||    14
  Evoke: Wand              |       |     3 |       |     2 ||     5
         Box of beasts     |       |       |     1 |       ||     1
    Use: Potion            |       |     1 |     1 |       ||     2
         Scroll            |       |       |     6 |     5 ||    11
   Stab: Sleeping          |     4 |     8 |     6 |       ||    18
         Distracted        |       |     1 |     3 |       ||     4
 Armour: Skin              |    12 |    46 |    81 |    39 ||   178
  Dodge: Dodged            |    18 |    50 |   100 |    36 ||   204

Table legend: (Time is in decaauts)
 A = Elapsed time spent in this place.
 B = Non-inter-level travel time spent in this place.
 C = Inter-level travel time spent in this place.
 D = Time resting spent in this place.
 E = Time spent auto-exploring this place.
 F = Levels seen in this place.
 G = Mean time per level.
                   A        B        C        D        E       F      G
               +--------+--------+--------+--------+--------+-----+--------+
         Total |   8362 |   8149 |    213 |    447 |   6439 |  10 |  836.2 |
       Dungeon |   8361 |   8148 |    213 |    447 |   6439 |   9 |  929.0 |
        Temple |      1 |      1 |      0 |      0 |      0 |   1 |    1.0 |
               +--------+--------+--------+--------+--------+-----+--------+

Top non-repeatable levels by time:
     D:8: 1596 daAuts
     D:5: 1436 daAuts
     D:7: 1349 daAuts
     D:2: 913 daAuts
     D:6: 857 daAuts
     D:3: 849 daAuts
     D:4: 581 daAuts
     D:1: 543 daAuts
     D:9: 233 daAuts
  Temple: 1 daAuts
